TOP OF THE 1ST |
University of South Carolina Gamecocks batting - Pitching for Fresno State University Bulldogs : RHP Brian Travaglio
|
Pitching: RHP Brian Travaglio
|
|
Batting: LHB Jörg Young
|
0-0: Ball 1-0: Fly out, F6 (Popup, 6S, EV 70.6 MPH)
|
Batting: RHB Ben Turner
|
0-0: Ball 1-0: Ball 2-0: Foul Ball, location: 2F 2-1: Ground out 6-3 (Groundball, 6M, EV 84.4 MPH)
|
Batting: LHB Chris McNay
|
0-0: Fly out, F7 (Line Drive, 7, EV 96.2 MPH)
|
Top of the 1st over - 0 runs, 0 hits, 0 errors, 0 left on base; University of South Carolina 0 - Fresno State University 0 |
BOTTOM OF THE 1ST |
Fresno State University Bulldogs batting - Pitching for University of South Carolina Gamecocks : RHP Chris Sisko
|
Pitching: RHP Chris Sisko
|
|
Batting: LHB Moktar Ame
|
0-0: Foul Ball, location: 2F 0-1: Swinging Strike 0-2: Ball 1-2: Fly out, F5 (Popup, 5S, EV 86.2 MPH)
|
Batting: SHB Carlton Stannard
|
0-0: Called Strike 0-1: Ball 1-1: Ball 2-1: Foul Ball, location: 2F 2-2: Strikes out swinging
|
Batting: RHB Sandy Munoz
|
0-0: Foul Ball, location: 2F 0-1: Ball 1-1: Ball 2-1: SINGLE (Groundball, 6MD, EV 98.1 MPH)
|
Batting: RHB Danilo Baldia
|
0-0: Fielders Choice at 2nd, 6-4 (Groundball, 6, EV 100.6 MPH)
|
Bottom of the 1st over - 0 runs, 1 hit, 0 errors, 1 left on base; University of South Carolina 0 - Fresno State University 0 |
TOP OF THE 2ND |
University of South Carolina Gamecocks batting - Pitching for Fresno State University Bulldogs : RHP Brian Travaglio
|
Batting: RHB Lance Neldon
|
0-0: Ball 1-0: Ball 2-0: Ball 3-0: Called Strike 3-1: Ground out 5-3 (Groundball, 5D, EV 102.5 MPH)
|
Batting: RHB Josh Shirkey
|
0-0: Ball 1-0: Ball 2-0: Ball 3-0: Called Strike 3-1: Called Strike 3-2: Ground out 3-1 (Groundball, 34S, EV 70.0 MPH)
|
Batting: RHB Danny Narvaez
|
0-0: Ball 1-0: Called Strike 1-1: Ball 2-1: Ground out 6-3 (Groundball, 4M, EV 104.4 MPH)
|
Top of the 2nd over - 0 runs, 0 hits, 0 errors, 0 left on base; University of South Carolina 0 - Fresno State University 0 |
BOTTOM OF THE 2ND |
Fresno State University Bulldogs batting - Pitching for University of South Carolina Gamecocks : RHP Chris Sisko
|
Batting: RHB Charles Shaw
|
0-0: Ball 1-0: Foul Ball, location: 2F 1-1: Fly out, F9 (Line Drive, 89D, EV 96.2 MPH)
|
Batting: RHB Sinfronio Carreon
|
0-0: Ball 1-0: SINGLE (Groundball, 5S, EV 71.2 MPH) (infield hit)
|
Batting: RHB Greg Meyer
|
0-0: Called Strike 0-1: Ball 1-1: Swinging Strike 1-2: Strikes out looking
|
Batting: RHB Brian Travaglio
|
0-0: Fielders Choice at 2nd, 6-4 (Groundball, 6, EV 82.5 MPH)
|
Bottom of the 2nd over - 0 runs, 1 hit, 0 errors, 1 left on base; University of South Carolina 0 - Fresno State University 0 |
TOP OF THE 3RD |
University of South Carolina Gamecocks batting - Pitching for Fresno State University Bulldogs : RHP Brian Travaglio
|
Batting: RHB Abel Wensink
|
0-0: Fly out, F8 (Line Drive, 8RD, EV 89.4 MPH)
|
Batting: RHB Jonathan Long
|
0-0: Ball 1-0: Ball 2-0: Ball 3-0: Base on Balls
|
Batting: RHB Joel Bany
|
0-0: Ball 1-0: Ball 2-0: Called Strike 2-1: Fly out, F9 (Flyball, 89S, EV 94.4 MPH)
|
Batting: LHB Jörg Young
|
0-0: Called Strike 0-1: Called Strike 0-2: Strikes out swinging
|
Top of the 3rd over - 0 runs, 0 hits, 0 errors, 1 left on base; University of South Carolina 0 - Fresno State University 0 |
BOTTOM OF THE 3RD |
Fresno State University Bulldogs batting - Pitching for University of South Carolina Gamecocks : RHP Chris Sisko
|
Batting: RHB Wu-ti Hui
|
0-0: Fly out, F9 (Line Drive, 9, EV 90.0 MPH)
|
Batting: LHB Moktar Ame
|
0-0: Swinging Strike 0-1: Ball 1-1: Ground out 6-3 (Groundball, 6, EV 103.1 MPH)
|
Batting: SHB Carlton Stannard
|
0-0: Called Strike 0-1: Foul Ball, location: 2F 0-2: Fly out, F7 (Flyball, 7, EV 91.2 MPH)
|
Bottom of the 3rd over - 0 runs, 0 hits, 0 errors, 0 left on base; University of South Carolina 0 - Fresno State University 0 |
TOP OF THE 4TH |
University of South Carolina Gamecocks batting - Pitching for Fresno State University Bulldogs : RHP Brian Travaglio
|
Batting: RHB Ben Turner
|
0-0: Foul Ball, location: 2F 0-1: Ball 1-1: Foul Ball, location: 2F 1-2: Ball 2-2: Foul Ball, location: 2F 2-2: Fly out, F8 (Flyball, 8RM, EV 93.8 MPH)
|
Batting: LHB Chris McNay
|
0-0: Ball 1-0: Foul Ball, location: 2F 1-1: Ball 2-1: Fly out, F8 (Flyball, 8LD, EV 102.5 MPH)
|
Batting: RHB Lance Neldon
|
0-0: Ball 1-0: SINGLE (Flyball, 4D, EV 89.4 MPH)
|
Batting: RHB Josh Shirkey
|
0-0: Called Strike 0-1: Ball 1-1: Ball 2-1: Swinging Strike 2-2: Fly out, F8 (Line Drive, 8RD, EV 92.5 MPH)
|
Top of the 4th over - 0 runs, 1 hit, 0 errors, 1 left on base; University of South Carolina 0 - Fresno State University 0 |
BOTTOM OF THE 4TH |
Fresno State University Bulldogs batting - Pitching for University of South Carolina Gamecocks : RHP Chris Sisko
|
Batting: RHB Sandy Munoz
|
0-0: Fly out, F7 (Flyball, 78S, EV 80.6 MPH)
|
Batting: RHB Danilo Baldia
|
0-0: Ball 1-0: Swinging Strike 1-1: Swinging Strike 1-2: Ball 2-2: SINGLE (Line Drive, 7S, EV 104.4 MPH)
|
Batting: RHB Charles Shaw
|
0-0: Ball 1-0: Ball 2-0: SINGLE (Line Drive, 34, EV 100.0 MPH) Danilo Baldia to second
|
Batting: RHB Sinfronio Carreon
|
0-0: Grounds into double play, 6-4-3 (Groundball, 6, EV 83.8 MPH)
|
Bottom of the 4th over - 0 runs, 2 hits, 0 errors, 1 left on base; University of South Carolina 0 - Fresno State University 0 |
TOP OF THE 5TH |
University of South Carolina Gamecocks batting - Pitching for Fresno State University Bulldogs : RHP Brian Travaglio
|
Now at 1B: Abraham Batista
|
|
Now at 2B: Curtis Havard
|
|
Now at 3B: John Chapman
|
|
Now at SS: Greg Meyer
|
|
Now in CF: Alexander Gadd
|
|
Batting: RHB Danny Narvaez
|
0-0: Ball 1-0: Called Strike 1-1: Ground out 6-3 (Groundball, 6, EV 104.4 MPH)
|
Batting: RHB Abel Wensink
|
0-0: Ball 1-0: SINGLE (Groundball, 6MD, EV 100.0 MPH)
|
Batting: RHB Jonathan Long
|
0-0: Ball Abel Wensink steals 2nd base 1-0: Called Strike 1-1: Swinging Strike 1-2: Ball 2-2: Ball 3-2: 2-RUN HOME RUN (Flyball, 9D, EV 95.0 MPH), Distance : 366 ft
|
Batting: RHB Joel Bany
|
0-0: SINGLE (Groundball, 6MD, EV 108.8 MPH)
|
Batting: LHB Jörg Young
|
0-0: Ball 1-0: Foul Ball, location: 2F 1-1: Swinging Strike 1-2: Strikes out swinging
|
Batting: RHB Ben Turner
|
0-0: Ball Pickoff Throw to First - Out! 1-3
|
Top of the 5th over - 2 runs, 3 hits, 0 errors, 0 left on base; University of South Carolina 2 - Fresno State University 0 |
BOTTOM OF THE 5TH |
Fresno State University Bulldogs batting - Pitching for University of South Carolina Gamecocks : RHP Chris Sisko
|
Now at C: Pete Fitchett
|
|
Batting: RHB Greg Meyer
|
0-0: Called Strike 0-1: Ball 1-1: Foul Ball, location: 2F 1-2: SINGLE (Line Drive, 56, EV 108.1 MPH)
|
Batting: RHB Brian Travaglio
|
0-0: Called Strike 0-1: Ball 1-1: Ball 2-1: Swinging Strike 2-2: Foul Ball, location: 2F 2-2: Foul Ball, location: 2F 2-2: Strikes out swinging
|
Pinch Hitting: RHB Tony Nowak
|
0-0: Swinging Strike 0-1: Foul Ball, location: 2F 0-2: Foul Ball, location: 2F 0-2: Ball 1-2: Fly out, F3 (Popup, 3SF, EV 85.0 MPH)
|
Batting: LHB Abraham Batista
|
0-0: Ball Greg Meyer is caught stealing 2nd base 2-6
|
Bottom of the 5th over - 0 runs, 1 hit, 0 errors, 0 left on base; University of South Carolina 2 - Fresno State University 0 |
TOP OF THE 6TH |
University of South Carolina Gamecocks batting - Pitching for Fresno State University Bulldogs : RHP Brian Travaglio
|
Pitching: RHP Eric Wallace
|
|
Now at C: Victor Rangel
|
|
Now in RF: Tony Nowak
|
|
Pinch Hitting: RHB Justin Kurutz
|
0-0: Ball 1-0: Called Strike 1-1: Foul Ball, location: 2F 1-2: Ball 2-2: Ball 3-2: Ground out 6-3 (Groundball, 6, EV 93.1 MPH)
|
Pinch Hitting: LHB Gregg Burchett
|
0-0: Called Strike 0-1: Swinging Strike 0-2: Foul Ball, location: 2F 0-2: Foul Ball, location: 2F 0-2: Ground out 5-3 (Groundball, 56, EV 79.4 MPH)
|
Batting: LHB David Fowler
|
0-0: Ball 1-0: Foul Ball, location: 2F 1-1: Ball 2-1: Ball 3-1: Foul Ball, location: 2F 3-2: Foul Ball, location: 2F 3-2: Foul Ball, location: 2F 3-2: Foul Ball, location: 2F 3-2: Base on Balls
|
Pinch Hitting: RHB Brian Passalacqua
|
0-0: Ball 1-0: Ball 2-0: DOUBLE (Flyball, 89D, EV 99.4 MPH) David Fowler to third
|
Pinch Hitting: LHB Bert Webster
|
0-0: Called Strike 0-1: Ball 1-1: Swinging Strike 1-2: Ground out 6-3 (Groundball, 4M, EV 83.8 MPH)
|
Top of the 6th over - 0 runs, 1 hit, 0 errors, 2 left on base; University of South Carolina 2 - Fresno State University 0 |
BOTTOM OF THE 6TH |
Fresno State University Bulldogs batting - Pitching for University of South Carolina Gamecocks : RHP Chris Sisko
|
Now at 2B: Bert Webster
|
|
Now at 3B: Steve Gibson
|
|
Now at SS: Justin Kurutz
|
|
Now in CF: Phil Hanley
|
|
Now in RF: Abel Wensink
|
|
Batting: LHB Abraham Batista
|
0-0: Ground out 4-3 (Groundball, 4, EV 96.9 MPH)
|
Batting: RHB John Chapman
|
0-0: Called Strike 0-1: Ball 1-1: Foul Ball, location: 2F 1-2: Foul Ball, location: 2F 1-2: Ball 2-2: Ball 3-2: Fly out, F7 (Flyball, 7, EV 88.1 MPH)
|
Pinch Hitting: LHB Ollie Strauss
|
0-0: DOUBLE (Line Drive, 78XD, EV 107.5 MPH)
|
Batting: RHB Curtis Havard
|
0-0: Ball 1-0: Fly out, F5 (Line Drive, 5, EV 68.1 MPH)
|
Bottom of the 6th over - 0 runs, 1 hit, 0 errors, 1 left on base; University of South Carolina 2 - Fresno State University 0 |
TOP OF THE 7TH |
University of South Carolina Gamecocks batting - Pitching for Fresno State University Bulldogs : RHP Eric Wallace
|
Pitching: LHP Casey Welch
|
|
Now in LF: Ollie Strauss
|
|
Batting: RHB Abel Wensink
|
0-0: Foul Ball, location: 2F 0-1: Ball 1-1: SINGLE (Groundball, 56D, EV 111.2 MPH)
|
Batting: LHB Pete Fitchett
|
0-0: Foul Ball, location: 2F 0-1: Fly out, F8 (Flyball, 8LD, EV 97.5 MPH)
|
Pinch Hitting: SHB Keith Mihas
|
0-0: Called Strike 0-1: Ball 1-1: Ball 2-1: Swinging Strike 2-2: Strikes out swinging
|
Batting: LHB Jörg Young
|
0-0: Called Strike Abel Wensink steals 2nd, throwing error, E2 Abel Wensink to third 0-1: Ball 1-1: Called Strike 1-2: Foul Ball, location: 2F 1-2: Ball 2-2: Ball 3-2: Foul Ball, location: 2F 3-2: Base on Balls
|
Pitching: RHP Brent Liss
|
|
Batting: RHB Justin Kurutz
|
0-0: Called Strike 0-1: Ball 1-1: Ball 2-1: Ball 3-1: Swinging Strike 3-2: Base on Balls Jörg Young to second
|
Batting: RHB Phil Hanley
|
0-0: Swinging Strike 0-1: Foul Ball, location: 2F 0-2: Fielders Choice at 2nd, 6-4 (Groundball, 6, EV 80.0 MPH)
|
Top of the 7th over - 0 runs, 1 hit, 1 error, 3 left on base; University of South Carolina 2 - Fresno State University 0 |
BOTTOM OF THE 7TH |
Fresno State University Bulldogs batting - Pitching for University of South Carolina Gamecocks : RHP Chris Sisko
|
Pitching: RHP Chris Kenny
|
|
Now at 1B: Keith Mihas
|
|
Batting: RHB Victor Rangel
|
0-0: Ball 1-0: Ball 2-0: Ball 3-0: Called Strike 3-1: Called Strike 3-2: SINGLE (Line Drive, 4MD, EV 94.4 MPH)
|
Pinch Hitting: LHB Denis van de Kolk
|
0-0: Ball 1-0: Ball 2-0: SINGLE (Line Drive, 5L, EV 94.4 MPH) Victor Rangel to second
|
Batting: RHB Greg Meyer
|
0-0: Ball 1-0: Ball 2-0: Foul Ball, location: 2F 2-1: Swinging Strike 2-2: Ball 3-2: Foul Ball, location: 2F 3-2: Foul Ball, location: 2F 3-2: Fielders Choice at 2nd, 4-6 (Groundball, 4, EV 103.1 MPH) Victor Rangel to third
|
Batting: LHB Brad Benanti
|
0-0: Called Strike 0-1: Ball 1-1: Ball 2-1: Called Strike 2-2: Foul Ball, location: 2F 2-2: Foul Ball, location: 2F 2-2: Foul Ball, location: 2F 2-2: Ball 3-2: Fielders Choice at 2nd, 4-6 (Groundball, 4D, EV 85.6 MPH) Victor Rangel scores
|
Batting: RHB Tony Nowak
|
0-0: Called Strike 0-1: Swinging Strike 0-2: Fly out, F5 (Line Drive, 5L, EV 76.2 MPH)
|
Bottom of the 7th over - 1 run, 2 hits, 0 errors, 1 left on base; University of South Carolina 2 - Fresno State University 1 |
TOP OF THE 8TH |
University of South Carolina Gamecocks batting - Pitching for Fresno State University Bulldogs : RHP Brent Liss
|
Pitching: LHP Jason Campbell
|
|
Now in CF: Gary Christianson
|
|
Batting: LHB David Fowler
|
0-0: Ball 1-0: Called Strike 1-1: Fly out, F9 (Flyball, 89S, EV 93.1 MPH)
|
Pitching: RHP Joey Black
|
|
Batting: RHB Steve Gibson
|
0-0: Hit by Pitch
|
Batting: LHB Bert Webster
|
0-0: Foul Ball, location: 2F 0-1: Ball 1-1: Ball 2-1: Ball 3-1: Foul Ball, location: 2F 3-2: Foul Ball, location: 2F 3-2: DOUBLE (Line Drive, 5D, EV 100.0 MPH) Steve Gibson to third Runner from 3rd tries for Home, throw by LF and OUT! 7-6-2
|
Batting: RHB Abel Wensink
|
0-0: Ball 1-0: Called Strike 1-1: Ball 2-1: Foul Ball, location: 2F 2-2: Ball 3-2: Foul Ball, location: 2F 3-2: SINGLE (Groundball, 34, EV 103.1 MPH) Bert Webster to third
|
Batting: LHB Pete Fitchett
|
0-0: Ball 1-0: Fly out, F3 (Line Drive, 3, EV 61.9 MPH)
|
Top of the 8th over - 0 runs, 2 hits, 0 errors, 2 left on base; University of South Carolina 2 - Fresno State University 1 |
BOTTOM OF THE 8TH |
Fresno State University Bulldogs batting - Pitching for University of South Carolina Gamecocks : RHP Chris Kenny
|
Pitching: LHP Pong-su Kym
|
|
Batting: LHB Abraham Batista
|
0-0: Called Strike 0-1: Foul Ball, location: 2F 0-2: Ball 1-2: Reached on error, E5 (Groundball, 56, EV 105.6 MPH)
|
Batting: RHB John Chapman
|
0-0: Ball 1-0: Ball 2-0: Sac Bunt to 25 - play at first, batter safe! Abraham Batista to third
|
Batting: LHB Ollie Strauss
|
0-0: Ball 1-0: Ball 2-0: Swinging Strike 2-1: Swinging Strike 2-2: Ball 3-2: Base on Balls John Chapman to second
|
Batting: RHB Curtis Havard
|
0-0: Fly out, F8 (Flyball, 8RD, EV 105.0 MPH) Runner from 3rd tags up, SCORES, throw by CF John Chapman to third
|
Batting: RHB Victor Rangel
|
0-0: Ball 1-0: Ball 2-0: Called Strike 2-1: Foul Ball, location: 2F 2-2: Ball 3-2: Strikes out looking
|
Pinch Hitting: RHB Justin Connor
|
0-0: Ball 1-0: Ball 2-0: Fly out, F8 (Flyball, 89D, EV 98.8 MPH)
|
Bottom of the 8th over - 1 run, 1 hit, 1 error, 2 left on base; University of South Carolina 2 - Fresno State University 2 |
TOP OF THE 9TH |
University of South Carolina Gamecocks batting - Pitching for Fresno State University Bulldogs : RHP Joey Black
|
Pitching: LHP Craig Todd
|
|
Now in CF: Ryan Roberts
|
|
Batting: SHB Keith Mihas
|
0-0: Ball 1-0: Swinging Strike 1-1: Called Strike 1-2: Ball 2-2: Strikes out swinging
|
Batting: LHB Jörg Young
|
0-0: Ball 1-0: Called Strike 1-1: Ball 2-1: Foul Ball, location: 2F 2-2: Fly out, F8 (Flyball, 8LD, EV 86.2 MPH)
|
Batting: RHB Justin Kurutz
|
0-0: Ball 1-0: SINGLE (Line Drive, 9S, EV 110.6 MPH)
|
Batting: RHB Phil Hanley
|
0-0: Foul Ball, location: 2F 0-1: Swinging Strike 0-2: Foul Ball, location: 2F 0-2: Foul Ball, location: 2F 0-2: Ball 1-2: SINGLE (Line Drive, 8LM, EV 103.1 MPH) Justin Kurutz to second
|
Batting: RHB Jeff Swanson
|
0-0: Ball 1-0: Ball 2-0: Fielders Choice at 2nd, 6-4 (Groundball, 6, EV 85.0 MPH)
|
Top of the 9th over - 0 runs, 2 hits, 0 errors, 2 left on base; University of South Carolina 2 - Fresno State University 2 |
BOTTOM OF THE 9TH |
Fresno State University Bulldogs batting - Pitching for University of South Carolina Gamecocks : LHP Pong-su Kym
|
Pitching: RHP Juan Lazo
|
|
Batting: RHB Greg Meyer
|
0-0: Ball 1-0: Ground out 1-3 (Groundball, 15S, EV 62.5 MPH)
|
Pitching: LHP Mijalko Brkic
|
|
Batting: LHB Brad Benanti
|
0-0: Called Strike 0-1: Foul Ball, location: 2F 0-2: Foul Ball, location: 2F 0-2: Ball 1-2: Fly out, F7 (Flyball, 7D, EV 92.5 MPH)
|
Pitching: RHP Nelson Knopp
|
|
Batting: RHB Tony Nowak
|
0-0: Foul Ball, location: 2F 0-1: Foul Ball, location: 2F 0-2: Ball 1-2: DOUBLE (Groundball, 5L, EV 103.1 MPH)
|
Batting: LHB Abraham Batista
|
0-0: Intentional Walk
|
Batting: RHB John Chapman
|
0-0: Ball 1-0: SINGLE (Line Drive, 4D, EV 99.4 MPH) Tony Nowak to third Abraham Batista to second Runner from 3rd tries for Home, SAFE, throw by RF to home
|
Bottom of the 9th over - 1 run, 2 hits, 0 errors, 2 left on base; University of South Carolina 2 - Fresno State University 3 |
|